 Dungeon Crawl Stone Soup version 0.30-a0-591-g3c58d2bc28 (webtiles) character file.

Game seed: 17908803315468008064

150 Oxelix the Sneak (level 5, 0/25 HPs)
             Began as a Spriggan Brigand on Jan 5, 2023.
             Succumbed to a kobold brigand's poison
             ... on level 3 of the Dungeon.
             The game lasted 00:06:01 (3155 turns).

Oxelix the Sneak (Spriggan Brigand)                 Turns: 3155, Time: 00:06:01

Health: 0/25       AC:  2    Str:  7    XL:     5   Next: 10%
Magic:  6/6        EV: 16    Int: 13    God:
Gold:   235        SH:  0    Dex: 18    Spells: 4/4 levels left

rFire   . . .      SeeInvis +    a - +2 dagger
rCold   . . .      Faith    +    (no shield)
rNeg    . . .      Spirit   .    b - +0 robe
rPois   .          Reflect  .    (helmet restricted)
rElec   .          Harm     .    c - +0 cloak
rCorr   .          Rampage  .    (gloves unavailable)
Will    .....                    (boots unavailable)
Stlth   ++++                     k - amulet of faith
HPRegen 0.24/turn                (no ring)
MPRegen 0.10/turn                (no ring)

@: lethally poisoned (0 -> -2), very quick
A: very small, no large weapons, unfitting armour, see invisible, speed 3,
deformed body, deterioration 1
a: no special abilities


You were on level 3 of the Dungeon.
You visited 1 branch of the dungeon, and saw 4 of its levels.

You collected 235 gold pieces.

Inventory:

Hand Weapons
 a - a +2 dagger (weapon)
Missiles
 d - 2 poisoned darts (quivered)
 e - 3 curare-tipped darts
 y - a throwing net
Armour
 b - a +0 robe (worn)
 c - a +0 cloak (worn)
Jewellery
 k - an amulet of faith (around neck)
 s - an amulet of magic regeneration
 x - a ring of protection from cold
Wands
 j - a wand of digging (3)
 w - a wand of paralysis (5)
Scrolls
 f - a scroll of enchant weapon {unknown}
 g - 2 scrolls of identify {unknown}
 h - 3 scrolls of fog {unknown}
 i - 2 scrolls of immolation {unknown}
 n - a scroll of fear {unknown}
 o - a scroll of poison {unknown}
 p - a scroll of teleportation {unknown}
 r - a scroll of magic mapping {unknown}
 u - a scroll of brand weapon {unknown}
Potions
 l - a potion of haste {unknown}
 m - 2 potions of flight {unknown}
 q - a potion of brilliance {unknown}
 t - 3 potions of heal wounds {unknown}
 v - a potion of curing {unknown}


   Skills:
 - Level 1.5 Fighting
 * Level 4.6 Short Blades
 - Level 2.0 Throwing
 - Level 1.3 Dodging
 + Level 7.8 Stealth


You had 4 spell levels left.
You didn't know any spells.
Your spell library contained the following spells:

 Spells                   Type           Power      Damage    Failure   Level
 Slow                     Hex            0%         N/A       30%         1
 Sublimation of Blood     Necr           0%         N/A       43%         2
 Wereblood                Tmut           0%         N/A       43%         2
 Confusing Touch          Hex            0%         N/A       67%         3
 Vampiric Draining        Necr           0%         2d6       67%         3
 Summon Hydra             Summ           0%         N/A       100%        7


Dungeon Overview and Level Annotations

Branches:
Dungeon (4/15)
 Temple: D:4-7

Altars:
Gozag
Uskayaw
Vehumet


Innate Abilities, Weirdness & Mutations

You are very small and have problems with some larger weapons.
You are too small for most types of armour.
You have supernaturally acute eyesight. (SInv)
You cover ground extremely quickly. (Speed+++)
Armour fits poorly on your strangely shaped body.
Your body sometimes deteriorates upon taking damage.


Message History

The kobold brigand throws a poisoned dart.
The poisoned dart hits you.
You are lethally poisoned!
You feel sick.
* * * LOW HITPOINT WARNING * * *
You feel sick.
* * * LOW HITPOINT WARNING * * *
You feel sick.
Things that are here:
a +0 dagger; a +0 club; a hobgoblin skeleton Throw: 4 darts (poison)
Press: ? - help, Q - select action, (/) - cycle Shift-Dir - straight line, f/p - kobold brigand
Aim: a kobold brigand, wielding a +0 club and quivering curare-tipped darts (heavily wounded, poisoned, 55% to hit)
You throw a poisoned dart.
The poisoned dart hits the kobold brigand.
The kobold brigand looks even sicker.
The kobold brigand is heavily wounded.
The kobold shouts!
* * * LOW HITPOINT WARNING * * *
You feel sick.
The kobold throws a stone.
The stone hits you but does no damage.
The kobold brigand throws a curare-tipped dart.
The curare-tipped dart closely misses you.
Throw: 3 darts (poison)
Press: ? - help, Q - select action, (/) - cycle Shift-Dir - straight line, f - kobold brigand, p - kobold brigand
Aim: a kobold brigand, wielding a +2 dagger of speed and quivering poisoned darts (moderately wounded, very poisoned, 55% to hit)
You throw a poisoned dart.
The poisoned dart hits the kobold brigand.
The kobold brigand looks even sicker.
The kobold brigand is heavily wounded.
* * * LOW HITPOINT WARNING * * *
You feel sick.
The kobold throws a stone.
The stone completely misses you.
* * * LOW HITPOINT WARNING * * *
You feel sick.
Things that are here:
a +0 club; a kobold skeleton
* * * LOW HITPOINT WARNING * * *
You feel sick.
You barely miss the kobold.
You die...

.......#.# ###..#~.......#♣.8#.
#....)...## #..##~##.....#...#.
#.##.##...## ##(.#~~##.#...#♣.♣#.
#.##.###...###.g##≈~##.....#...#.
#....# #.#..##..#≈~~~###.#.#♣.♣#.
...### #.##.##)K#≈≈~~#.....#...#.
########.##.##))#≈≈~~#..##.#♣.♣#.
.........##.##.)##~~#..###.#...#.
###########.###.@#~~...# #.#♣.8#.
# #..##.K#~..#.###.#...#.
######.##.)#.....#...#♣.8#.
#.........)..##.####.#...#. ###
#.........).###.# #.#8.♣## ..#
#.......##### #.####.#...# ..#
######### #...##.#♣.♣## ..#
###.####.#...#. ..#
#........#♣)♣#.


You could see a kobold brigand (very poisoned), a hobgoblin and a kobold.

Vanquished Creatures
  5 adders
  3 gnolls (D:4)
  A worm (D:2)
  A dart slug (D:3)
  An orc (D:3)
  5 endoplasms
  2 giant cockroaches
  5 goblins
  10 hobgoblins
  5 jackals (D:2)
  6 quokkas
  2 ball pythons
  7 bats
  4 frilled lizards
  8 kobolds
  4 rats
69 creatures vanquished.

Notes
Turn   | Place    | Note
-------+----------+-------------------------------------------
     0 | D:1      | Oxelix the Spriggan Brigand began the quest for the Orb.
     0 | D:1      | Reached XP level 1. HP: 10/10 MP: 2/2
   139 | D:1      | Reached skill level 6 in Stealth
   269 | D:1      | Reached XP level 2. HP: 14/14 MP: 3/3
   793 | D:1      | Found a faded altar of an unknown god.
  1193 | D:2      | Reached XP level 3. HP: 18/18 MP: 4/4
  1283 | D:2      | Found a hide-covered altar of Uskayaw.
  1434 | D:2      | Reached skill level 7 in Stealth
  1436 | D:2      | Gained mutation: Armour fits poorly on your strangely
                  | shaped body. [potion of mutation]
  1436 | D:2      | Gained mutation: Your body sometimes deteriorates upon
                  | taking damage. [potion of mutation]
  1664 | D:2      | Reached XP level 4. HP: 22/22 MP: 5/5
  2388 | D:3      | Found a radiant altar of Vehumet.
  2399 | D:3      | Found an opulent altar of Gozag.
  2741 | D:3      | You fall into a shaft and drop 1 floor!
  2839 | D:4      | Reached XP level 5. HP: 21/25 MP: 6/6
  3152 | D:3      | HP: 1/25 [poisoned by a kobold brigand]
  3155 | D:3      | Succumbed to a kobold brigand's poison

Illustrated notes

Levels and vault maps discovered:
D:1:      amcnicky_arrival_underground_garden, layout_loops_corners,
          shapermc_ecumenical_altar_acropolis, nicolae_hexahallways,
          minmay_misc_feat_tiny, minivault_5
D:2:      layout_basic, basic_altar
D:3:      cheibrodos_thug_alley, layout_basic,
          mainiacjoe_overflow_large_starburst, chequers_avenue, st_stairs_3
D:4:      layout_loops_corners, temple_green

Skill      XL: |  1  2  3  4 |
---------------+-------------+-----
Stealth        | 6 7 |  7.8
Short Blades   | 3 4 |  4.6
Fighting       | |  1.5
Throwing       | |  2.0
Dodging        | |  1.3

Action                   |  1- 3 |  4- 6 || total
-------------------------+-------+-------++-------
Melee: Dagger            |    83 |   108 ||   191
       Punch             |     1 |     1 ||     2
Throw: Dart              |     5 |    20 ||    25
  Use: Potion            |     1 |       ||     1
 Stab: Sleeping          |    15 |     9 ||    24
       Distracted        |       |     2 ||     2
Armor: Robe              |    12 |     8 ||    20
Dodge: Dodged            |    54 |    71 ||   125

Table legend: (Time is in decaauts)
 A = Elapsed time spent in this place.
 B = Non-inter-level travel time spent in this place.
 C = Inter-level travel time spent in this place.
 D = Time resting spent in this place.
 E = Time spent auto-exploring this place.
 F = Levels seen in this place.
 G = Mean time per level.
                   A        B        C        D        E       F      G
               +--------+--------+--------+--------+--------+-----+--------+
         Total |   2101 |   2048 |     53 |    152 |   1355 |   4 |  525.2 |
       Dungeon |   2101 |   2048 |     53 |    152 |   1355 |   4 |  525.2 |
               +--------+--------+--------+--------+--------+-----+--------+

Top non-repeatable levels by time:
     D:1: 739 daAuts
     D:2: 719 daAuts
     D:3: 529 daAuts
     D:4: 112 daAuts
